 Dungeon Crawl Stone Soup version 0.30.0-15-g856e2d3f33 (webtiles) character file.

Game seed: 7648715963586668888

77 McKennaii the Conjurer (level 3, 0/26 HPs)
             Began as a Demigod Conjurer on May 18, 2023.
             Slain by an orc
             ... wielding a +0 club
              (2 damage)
             ... on level 3 of the Dungeon.
             The game lasted 00:01:21 (2651 turns).

McKennaii the Conjurer (Demigod Conjurer)           Turns: 2651, Time: 00:01:22

Health: 0/26       AC:  2    Str:  8    XL:     3   Next: 91%
Magic:  0/10       EV: 12    Int: 24    God:
Gold:   120        SH:  0    Dex: 12    Spells: 6/7 levels left

rFire   . . .        (no weapon)
rCold   . . .        (no shield)
rNeg    . . .        a - +0 robe
rPois   .            (no helmet)
rElec   .            (no cloak)
rCorr   .            (no gloves)
SInv    +            (no boots)
Will    .....        (no amulet)
Stlth   ++           d - ring of see invisible
HPRegen 0.24/turn    (no ring)
MPRegen 0.12/turn

%: no passive effects
@: no status effects
A: high MP 1, forlorn, divine attributes
a: no special abilities


You were on level 3 of the Dungeon.
You visited 1 branch of the dungeon, and saw 3 of its levels.

You collected 120 gold pieces.

Inventory:

Armour
 a - a +0 robe (worn)
Jewellery
 d - a ring of see invisible (left hand)
Scrolls
 c - a scroll of immolation {unknown}
 e - a scroll of fear {unknown}
 g - a scroll of poison {unknown}
 h - a scroll of identify {unknown}
 i - a scroll of teleportation {unknown}
Potions
 b - a potion of magic
 f - 3 potions of degeneration {unknown}


   Skills:
 - Level 1.7 Dodging
 - Level 1.7 Stealth
 + Level 2.9 Spellcasting
 + Level 4.4 Conjurations


You had 6 spell levels left.
You knew the following spells:

 Your Spells              Type           Power      Damage    Failure   Level
a - Magic Dart            Conj           100%       1d8       1%          1

Your spell library contained the following spells:

 Spells                   Type           Power      Damage    Failure   Level
 Searing Ray              Conj           50%        2d6       2%          2
 Slow                     Hex            12%        N/A       11%         1
 Dazzling Flash           Conj/Hex       28%        N/A       13%         3
 Confusing Touch          Hex            3%         N/A       32%         3
 Vampiric Draining        Necr           3%         2d6       32%         3
 Vhi's Electric Charge    Tloc/Air       6%         N/A       32%         3
 Fulminant Prism          Conj/Hex       7%         3d7       41%         4
 Iskenderun's Mystic Bla  Conj/Tloc      14%        2d5       41%         4
 Arcjolt                  Conj/Air       7%         1d17      77%         5
 Maxwell's Capacitive Co  Air            1%         ∞         100%        8


Dungeon Overview and Level Annotations

Branches:
Dungeon (3/15)

Shops:
D:1 (

Annotations:
D:3 Natasha


Innate Abilities, Weirdness & Mutations

You have an increased reservoir of magic. (+10% MP)
You shall have no god before yourself.
Your divine heritage dramatically boosts your attributes as you level up.


Message History

You closely miss the orc. The orc closely misses you.
You hit the orc.
The orc is lightly wounded.
Natasha mumbles some strange words.
The orc hits you with a +0 club.
You closely miss the orc.
The orc is lightly wounded.
The cerulean imp misses you. The orc hits you with a +0 club.
You hit the orc but do no damage.
The orc is lightly wounded.
The cerulean imp closely misses you. The orc hits you with a +0 club.
You are too injured to fight recklessly!
You are too injured to fight recklessly!
You are too injured to fight recklessly!
There are monsters nearby!
You are too injured to fight recklessly!
You are too injured to fight recklessly!
There are monsters nearby!
You are too injured to fight recklessly!
You are too injured to fight recklessly!
You are too injured to fight recklessly!
The orc attacks as you move away! The orc barely misses you.
Natasha mumbles some strange words.
The orc hits you with a +0 club. The orc attacks as you move away!
The orc hits you with a +0 club.
* * * LOW HITPOINT WARNING * * *
Casting: Magic Dart (safe; 1% risk of failure)
Confirm with . or Enter, or press ? or * to list all spells.
Aiming: Magic Dart (safe; 1% risk of failure)
Press: ? - help, Shift-Dir - straight line, f - orc
Aim: an orc, wielding a +0 club (100% to hit)
The magic dart hits the orc.
The orc is almost dead.
The cerulean imp hits you from afar with a +0 spear.
* * * LOW HITPOINT WARNING * * *
The orc barely misses you.
You closely miss the orc.
The orc is almost dead.
The cerulean imp barely misses you. The orc hits you with a +0 club.
You die...

... ##.# ###..#...
#)..).... ##!#.## #
###hh#5.##+##.⌠
#.5...........)
##o#####.......#
#.@#...#.......#
#..#...+.†._...+
#......#.......#
#...###........####
#.....#.........#..
#.##..#⌠.#.+##.⌠#..
#.###.###....##.#..
#..##....#...#.....
##.####......#..##.


You could see Natasha, a cerulean imp (summoned) and an orc.

Vanquished Creatures
  2 adders (D:2)
  A dart slug (D:1)
  4 orcs (D:3)
  4 ball pythons
  4 endoplasms
  A giant cockroach (D:1)
  2 goblins (D:1)
  3 hobgoblins
  2 jackals (D:2)
  5 kobolds
  4 quokkas
  8 bats
  2 frilled lizards (D:2)
  5 rats
47 creatures vanquished.

Notes
Turn   | Place    | Note
-------+----------+-------------------------------------------
     0 | D:1      | McKennaii the Demigod Conjurer began the quest for the Orb.
     0 | D:1      | Reached XP level 1. HP: 14/14 MP: 5/5
    38 | D:1      | Noticed an eye of devastation
    42 | D:1      | Noticed a golden eye
   113 | D:1      | Found Jiunues's Weapon Shop.
   388 | D:1      | Reached XP level 2. HP: 20/20 MP: 1/7
   683 | D:1      | Reached skill level 4 in Conjurations
   932 | D:1      | Noticed a great orb of eyes
   937 | D:1      | Noticed an eye of devastation
  1224 | D:2      | Reached XP level 3. HP: 26/26 MP: 3/9
  2629 | D:3      | Noticed Natasha
  2651 | D:3      | Slain by an orc

Illustrated notes

Levels and vault maps discovered:
D:1:      dpeg_arrival_pits, layout_loops_ring, serial_shops, shop,
          hellmonk_ecumenical_altar_watching_god
D:2:      layout_loops_corners, serial_aquarium, aquarium_bridge_long_separate
          [aquarium_subvault_window, aquarium_subvault_balcony,
          aquarium_subvault_bridge, aquarium_subvault_window,
          aquarium_subvault_bridge, aquarium_subvault_bridge],
          aquarium_bridge_square [aquarium_subvault_window,
          aquarium_subvault_bridge, aquarium_subvault_wall,
          aquarium_subvault_balcony], aquarium_window_1, aquarium_window_corner,
          aquarium_window_corridor_3, aquarium_window_2, aquarium_view_2c,
          aquarium_balcony_1b, aquarium_pool_2
D:3:      layout_loops_ring, evilmike_ruin_ashenzari, chequers_jeans,
          uniq_grinder, uniq_natasha

Skill      XL: |  1  2 |
---------------+-------+-----
Spellcasting   | 2 |  2.9
Conjurations   | 4 |  4.4
Dodging        | |  1.7
Stealth        | |  1.7

Action                     || total
---------------------------++-------
  Melee: Unarmed           ||    14
   Cast: Magic Dart        ||    95
 Armour: Robe              ||     7
  Dodge: Dodged            ||    13
